 Dungeon Crawl Stone Soup version 0.16.1-4-g8e1b745 (webtiles) character file.

7904 sugabear the Covert (level 11, -4/52 HPs)
             Began as a Vine Stalker Enchanter on Mar 28, 2015.
             Was a Believer of Dithmenos.
             Slain by a yak (11 damage)
             ... on level 10 of the Dungeon.
             The game lasted 00:45:46 (11437 turns).

sugabear the Covert (Vine Stalker Enchanter)       Turns: 11437, Time: 00:45:47

Health: -4/52      AC:  4    Str: 10    XL:     11   Next: 22%
Magic:  0/27       EV: 16    Int: 15    God:    Dithmenos [**....]
Gold:   112        SH:  0    Dex: 19    Spells: 5 memorised, 5 levels left

rFire  + . .     SeeInvis .     Q - +1 long sword (elec)
rCold  + . .     Clarity  .     H - +2 robe {rC+ rF+}
rNeg   . . .     SustAb   .     (no shield)
rPois  +         Gourm    .     (no helmet)
rElec  +         Spirit   +     (no cloak)
rCorr  .         Warding  .     (no gloves)
rMut   .         Stasis   .     (no boots)
MR     ++...                    (no amulet)
Stlth  +++++++...               t - ring of poison resistance
                                v - ring of protection from magic

@: wreathed by umbra, very resistant to hostile enchantments, extremely stealthy
A: fangs 3, blurry vision 1, regeneration 2, electricity resistance, magic
shield, antimagic bite, no device heal 3, rot immunity
a: Shadow Step, Renounce Religion


You were on level 10 of the Dungeon.
You worshipped Dithmenos.
Dithmenos was pleased with you.
You were very hungry.

You visited 3 branches of the dungeon, and saw 12 of its levels.
You also visited: Ossuary.

You collected 546 gold pieces.
You spent 434 gold pieces at shops.

Inventory:

Hand weapons
 j - a +4 dagger of venom
 w - a +0 short sword of freezing
 D - the +11 dagger "Yfetue" {antimagic, +Blink rF+ MR- Dex-3 Stlth+}
   (You found it on level 6 of the Dungeon)

   It disrupts the flow of magical energy around spellcasters and certain
   magical creatures (including the wielder).
   It affects your dexterity (-3).
   It protects you from fire.
   It affects your resistance to hostile enchantments.
   It lets you blink.
   It makes you more stealthy.
 Q - a +1 long sword of electrocution (weapon)
Armour
 H - a +2 robe of resistance (worn)
 U - a +1 robe of magic resistance
Jewellery
 g - an uncursed ring of see invisible
 t - a ring of poison resistance (right hand)
 v - a ring of protection from magic (left hand)
 y - an uncursed ring of protection from fire
 C - a +4 ring of evasion
 T - an uncursed ring of sustain abilities
 X - an uncursed ring of protection from cold
Magical devices
 A - a wand of slowing (27)
 L - a wand of polymorph (15)
 R - a wand of polymorph (11)
 Y - a wand of invisibility (0)
Scrolls
 a - 3 scrolls of enchant armour {unknown}
 b - 2 scrolls of random uselessness {unknown}
 h - 7 scrolls of identify {unknown}
 k - a scroll of teleportation {unknown}
 l - a scroll of fear
 n - 2 scrolls of blinking
 q - 3 scrolls of remove curse
 x - 3 scrolls of amnesia
 K - a scroll of recharging {unknown}
 O - 3 scrolls of enchant weapon {unknown}
 P - a scroll of fog {unknown}
 Z - 3 scrolls of immolation {unknown}
Potions
 e - a potion of mutation {unknown}
 i - 7 potions of curing {unknown}
 m - 4 potions of heal wounds {unknown}
 p - a potion of poison {unknown}
 r - 3 potions of invisibility {unknown}
 s - a potion of ambrosia {unknown}
 B - 4 potions of haste {unknown}
 E - a potion of agility
 F - a potion of degeneration {unknown}
 G - 2 potions of might {unknown}
 J - a potion of restore abilities {unknown}
 M - a potion of lignification {unknown}
 N - a potion of magic {unknown}
 S - a potion of berserk rage {unknown}
 W - a potion of cancellation {unknown}
Books
 c - a book of Maledictions

   Spells                             Type                      Level
   a - Corona                         Hexes                        1
   b - Sure Blade                     Hexes/Charms                 2
   c - Ensorcelled Hibernation        Hexes/Ice                    2
   d - Confuse                        Hexes                        3
   e - Dazzling Spray                 Conjuration/Hexes            3
   f - Enslavement                    Hexes                        4
 o - a Necronomicon {highlevel, unknown}

   This book is beyond your current level of understanding.

   Spells                             Type                      Level
   a - Haunt                          Necromancy/Summoning         7
   b - Borgnjor's Revivification      Necromancy                   8
   c - Death's Door                   Charms/Necromancy            8
   d - Necromutation                  Transmutation/Necromancy     8
 I - a book of Enchantments

   Spells                             Type                      Level
   a - Tukima's Dance                 Hexes                        3
   b - Cause Fear                     Hexes                        4
   c - Silence                        Hexes/Air                    5
   d - Deflect Missiles               Charms/Air                   6
   e - Haste                          Charms                       6
   f - Discord                        Hexes                        8
 V - a book of Minor Magic

   Spells                             Type                      Level
   a - Magic Dart                     Conjuration                  1
   b - Blink                          Translocation                2
   c - Call Imp                       Summoning                    2
   d - Repel Missiles                 Charms/Air                   2
   e - Slow                           Hexes                        2
   f - Conjure Flame                  Conjuration/Fire             3
   g - Mephitic Cloud                 Conjuration/Poison/Air       3
Comestibles
 d - 7 bread rations
 f - 6 meat rations
 u - 15 fruits


   Skills:
 + Level 3.0 Fighting
 + Level 3.4 Short Blades
 + Level 5.1 Dodging
 * Level 13.3 Stealth
 * Level 6.8 Spellcasting
 * Level 6.6 Hexes
 * Level 3.9 Charms
 + Level 2.5 Ice Magic
 * Level 4.4 Air Magic
 + Level 0.4 Evocations


You had 5 spell levels left.
You knew the following spells:

 Your Spells              Type           Power        Failure   Level  Hunger
a - Corona                Hex            ####...      1%          1    None
b - Ensorcelled Hibernat  Hex/Ice        ###...       3%          2    None
c - Confuse               Hex            ####....     2%          3    ##.....
d - Deflect Missiles      Chrm/Air       ###.......   100%        6    #######
e - Haste                 Chrm           ###.....     100%        6    #######


Dungeon Overview and Level Annotations

Branches:
Dungeon (10/15)            Temple (1/1) D:7            Lair (1/8) D:10
    Orc: D:9-12

Altars:
Ashenzari
Cheibriados
Dithmenos
Elyvilon
Fedhas
Gozag
Kikubaaqudgha
Makhleb
Nemelex Xobeh
Okawaru
Qazlal
Ru
Sif Muna
Vehumet
Xom
Yredelemnul
Zin
The Shining One

Shops:
D:6 }   D:10 *

Annotations:
D:6 exclusion: statue


Innate Abilities, Weirdness & Mutations

You have razor-sharp teeth.
You heal very quickly.
When hurt, damage is shared between your health and your magic reserves.
Your bite disrupts and absorbs the magic of your enemies.
Potions and wands cannot restore your health.
You are immune to rotting.
Scrolls take you a little longer to read.
You are resistant to electric shocks.


Message History

Q - a +1 long sword of electrocution (weapon)
The yak misses you.
You hit the yak but do no damage.
There is a sudden explosion of sparks!
The yak is moderately wounded.
The yak misses you. x2
You closely miss the yak.
The yak is moderately wounded.
The yak gores you! The yak closely misses you. The yak barely misses you.
You barely miss the yak.
The yak is moderately wounded.
The yak closely misses you. The yak gores you!
* * * LOW HITPOINT WARNING * * *
The yak completely misses you.
You closely miss the yak. You bite the yak. You drain its power.
You feel invigorated.
The yak is moderately wounded.
The yak gores you.
* * * LOW HITPOINT WARNING * * *
The yak gores you!
You die...

######...........................
#.########################## #.#
#.# ######.#
.......##########################
..............................>..
.......#####.##Y######.#######.##
.<.....# #.##Y@# #.# #.# .......#
#.##### #.# #.# )....[.# #.# #.#
#.#
.......#####.#########.#######.##
.................................
#######.##########...........####
#.# #...........# #.#
#...........# #.# #...........#


You could see 2 yaks.

Vanquished Creatures
  Harold (D:10)
  A hill giant (D:10)
  A troll (D:9)
  A spiny frog (Lair:1)
  A deep elf priest (D:7)
  A two-headed ogre (D:9)
  A blink frog (Lair:1)
  A yak (Lair:1)
  A wyvern (D:8)
  A spriggan (D:7)
  A hippogriff (D:8)
  2 hungry ghosts
  Menkaure (D:6)
  2 ice beasts (D:10)
  3 phantoms
  A necrophage (D:10)
  An eye of draining (D:10)
  2 ogres
  2 sky beasts
  2 black bears
  5 centaurs
  3 orc warriors
  Sigmund (D:4)
  A gnoll sergeant (D:8)
  7 giant frogs
  2 scorpions
  6 killer bees
  3 goliath beetles
  The ghost of gw the Charlatan, a weakling DEAr of the Shining One (D:3)
  2 centaur zombies
  5 crimson imps
  2 orc priests
  A giant frog skeleton (D:9)
  2 jellies
  7 hounds
  An iguana (D:5)
  8 worker ants
  10 orc wizards
  2 sheep
  Ijyb (D:6)
  5 mummies
  2 worker ant zombies
  8 gnolls
  11 adders
  A shadow imp (D:6)
  2 giant mites
  A worm (D:2)
  3 adder skeletons
  An adder zombie (D:8)
  10 giant geckos
  2 oozes
  27 orcs
  14 bats
  2 bat skeletons
  3 gnoll skeletons (Ossuary)
  2 gnoll zombies (Ossuary)
  12 goblins
  14 hobgoblins
  7 jackals
  4 quokkas
  7 giant cockroaches
  8 giant newts
  2 goblin skeletons (Ossuary)
  3 goblin zombies (Ossuary)
  A hobgoblin skeleton (Ossuary)
  3 hobgoblin zombies (Ossuary)
  A jackal skeleton (D:4)
  10 kobolds
  3 kobold skeletons (Ossuary)
  A kobold zombie (Ossuary)
  4 orc skeletons (Ossuary)
  2 orc zombies (Ossuary)
  A quokka zombie (D:6)
  11 rats
  4 rat skeletons (Ossuary)
  5 rat zombies (Ossuary)
294 creatures vanquished.

Vanquished Creatures (others)
  2 gnoll skeletons (Ossuary)
  A gnoll zombie (Ossuary)
  2 goblin skeletons (Ossuary)
  A goblin zombie (Ossuary)
  A hobgoblin skeleton (Ossuary)
  4 hobgoblin zombies (Ossuary)
  A kobold skeleton (Ossuary)
  2 orc zombies (Ossuary)
  2 rat skeletons (Ossuary)
  A rat zombie (Ossuary)
17 creatures vanquished.

Grand Total: 311 creatures vanquished

Notes
Turn   | Place    | Note
--------------------------------------------------------------
     0 | D:1      | sugabear, the Vine Stalker Enchanter, began the quest for the Orb.
     0 | D:1      | Reached XP level 1. HP: 9/9 MP: 3/3
    67 | D:1      | Reached skill level 4 in Stealth
    67 | D:1      | Reached XP level 2. HP: 10/13 MP: 5/5
   105 | D:1      | Learned a level 2 spell: Ensorcelled Hibernation
   364 | D:1      | Reached XP level 3. HP: 12/16 MP: 3/7
  1218 | D:2      | Learned a level 3 spell: Confuse
  1434 | D:2      | Reached skill level 1 in Short Blades
  1434 | D:2      | Reached XP level 4. HP: 19/21 MP: 7/9
  1804 | D:2      | Reached skill level 5 in Stealth
  2012 | D:2      | Found a glowing golden altar of the Shining One.
  2241 | D:3      | Reached XP level 5. HP: 20/24 MP: 1/11
  2542 | D:3      | Found an ancient bone altar of Kikubaaqudgha.
  2782 | D:3      | Noticed gw's ghost (weakling DEAr)
  2789 | D:3      | Killed gw's ghost
  3007 | D:4      | Noticed a black bear
  3016 | D:4      | Killed a black bear
  3016 | D:4      | Reached skill level 6 in Stealth
  3016 | D:4      | Gained mutation: You heal very quickly. [vine stalker growth]
  3016 | D:4      | Reached XP level 6. HP: 18/29 MP: 0/15
  3148 | D:4      | Noticed Sigmund
  3155 | D:4      | Killed Sigmund
  3155 | D:4      | Reached skill level 1 in Ice Magic
  3983 | D:4      | Reached skill level 7 in Stealth
  4246 | D:5      | Entered Level 5 of the Dungeon
  4255 | D:5      | Reached XP level 7. HP: 28/32 MP: 13/17
  4702 | D:5      | Reached skill level 1 in Fighting
  4707 | D:5      | Reached skill level 8 in Stealth
  4789 | D:5      | Found an opulent altar of Gozag.
  4961 | D:5      | Gained mutation: You have razor-sharp teeth. [vine stalker growth]
  4961 | D:5      | Reached XP level 8. HP: 37/37 MP: 17/20
  5258 | D:5      | Found a snail-covered altar of Cheibriados.
  5456 | D:6      | Found Totzovudou's Quality Used Wands.
  5456 | D:6      | Noticed Ijyb
  5457 | D:6      | Killed Ijyb
  5486 | D:6      | Reached skill level 9 in Stealth
  5517 | D:6      | Got a slimy dagger
  5518 | D:6      | Identified the +11 dagger "Yfetue" {antimagic, +Blink rF+ MR- Dex-3 Stlth+} (You found it on level 6 of the Dungeon)
  5608 | D:6      | Noticed Menkaure
  5618 | D:6      | Killed Menkaure
  5883 | D:6      | Reached skill level 10 in Stealth
  6237 | D:6      | Reached XP level 9. HP: 36/42 MP: 6/22
  6274 | D:6      | Found a radiant altar of Vehumet.
  6519 | D:7      | Found a sand-covered staircase.
  6527 | Ossuary  | Entered an ossuary
  6907 | D:7      | Gained mutation: You are resistant to electric shocks. [mutagenic meat]
  6908 | D:7      | Gained mutation: Scrolls take you a little longer to read. [mutagenic meat]
  6971 | D:7      | Found a snail-covered altar of Cheibriados.
  6971 | D:7      | Noticed a deep elf priest
  6978 | D:7      | Killed a deep elf priest
  6978 | D:7      | Reached skill level 11 in Stealth
  6978 | D:7      | Reached skill level 5 in Hexes
  7040 | D:7      | Found a shimmering altar of Xom.
  7048 | D:7      | Learned a level 6 spell: Deflect Missiles
  7264 | D:7      | Reached skill level 1 in Air Magic
  7278 | D:7      | Reached skill level 5 in Spellcasting
  7298 | D:7      | Found a staircase to the Ecumenical Temple.
  7308 | Temple   | Entered the Ecumenical Temple
  7325 | Temple   | Became a worshipper of Dithmenos the Shadowed
  7691 | D:8      | Found a white marble altar of Elyvilon.
  7844 | D:8      | Reached skill level 1 in Charms
  7965 | D:8      | Reached skill level 12 in Stealth
  8295 | D:8      | Reached XP level 10. HP: 47/47 MP: 8/24
  8855 | D:9      | Found a blossoming altar of Fedhas.
  9393 | D:9      | Learned a level 6 spell: Haste
  9570 | D:10     | Entered Level 10 of the Dungeon
  9581 | D:10     | Noticed Harold
  9588 | D:10     | Killed Harold
  9600 | D:10     | Found a staircase to the Lair.
  9638 | D:10     | Noticed a cyclops
 10093 | D:10     | Acquired Dithmenos' first power
 10334 | D:10     | Noticed a hill giant
 10407 | D:10     | Reached skill level 5 in Dodging
 10407 | D:10     | Reached skill level 13 in Stealth
 10413 | D:10     | Reached XP level 11. HP: 49/51 MP: 2/27
 10420 | D:10     | Found Waqar's Assorted Antiques.
 10591 | D:10     | Killed a hill giant
 10726 | D:10     | Bought 3 scrolls labeled ZUOPNU FUNURGHI for 102 gold pieces
 10726 | D:10     | Bought a fuming purple potion for 30 gold pieces
 10726 | D:10     | Bought a scroll labeled GRAGGA THEK for 34 gold pieces
 10726 | D:10     | Bought a smoky ruby potion for 30 gold pieces
 10726 | D:10     | Bought a pearl ring for 170 gold pieces
 10726 | D:10     | Bought a scroll labeled GRAGGA THEK for 34 gold pieces
 10726 | D:10     | Bought a scroll labeled GRAGGA THEK for 34 gold pieces
 10855 | Lair:1   | Entered Level 1 of the Lair of Beasts
 11113 | Lair:1   | Noticed an eight-headed hydra
 11437 | D:10     | Slain by a yak

Action                   |  1- 3 |  4- 6 |  7- 9 | 10-12 || total
-------------------------+-------+-------+-------+-------++-------
Melee: Dagger            |    89 |    97 |   325 |   196 ||   707
       Long sword        |       |       |       |     4 ||     4
 Cast: Ensorcelled Hiber |    10 |    23 |    20 |    17 ||    70
       Confuse           |       |     4 |    22 |    16 ||    42
Evoke: Wand              |       |       |     3 |     1 ||     4
  Use: Scroll            |       |       |     6 |     2 ||     8
 Stab: Sleeping          |    12 |    22 |    42 |    19 ||    95
       Confused          |       |     3 |     4 |     1 ||     8
       Distracted        |       |       |     1 |     2 ||     3
       Invisible         |       |       |       |     1 ||     1
  Eat: Chunk             |     2 |    10 |    15 |     7 ||    34
       Royal jelly       |       |       |     2 |     1 ||     3
       Fruit             |       |       |       |     3 ||     3
